AoeStats
← blacksword173

Oasis

510182990Analyzed
3v3 RM · 1d ago on Sep 29, 2026· 72m 45s· 6 players
Game mode
Random Map
Map size
Normal (6 player)
Population
200
Speed
Normal
Resources
Standard
Victory
Conquest
Starting age
Dark Age
Ending age
Imperial Age
RankedLock teamsTeams togetherTeam positionsShared explorationLock speedFull tech treeHidden civsTurbo modeCheats
Victory
Defeat
🇪🇸 Franks · Spain
955
+14
🇪🇸 Bohemians · Spain
916
+15
🇪🇸 Tupi · Spain
887
+16
🇸🇦 Burgundians · Saudi Arabia
986
-18
🇲🇰 Varangians · North Macedonia
982
-18
🇸🇦 Teutons · Saudi Arabia
727
-9
dre
10:18 Feudal Age
13:50 Bloodlines
13:55 Double-Bit Axe
15:58 Horse Collar
16:15 Loom
21:33 Forging
21:30 Scale Barding Armor
23:09 Wheelbarrow
25:35 Castle Age
25:31 Gold Mining
28:09 Heavy Plow
28:21 Bow Saw
28:30 Stone Mining
29:37 Iron Casting
29:23 Chain Barding Armor
30:03 Stone Shaft Mining
30:27 Hand Cart
29:59 Town Watch
33:17 Fletching
38:40 Imperial Age
36:19 Bodkin Arrow
37:35 Husbandry
38:11 Scale Mail Armor
38:08 Pikeman
38:50 Squires
39:33 Chain Mail Armor
38:51 Elite Jarl
39:51 Conscription
39:39 Halberdier
42:56 Two-Man Saw
43:54 Plate Mail Armor
43:13 Arson
45:02 Blast Furnace
44:37 Plate Barding Armor
48:23 Ballistics
48:13 Masonry
47:59 Murder Holes
56:25 Bracer
56:05 Heavy Scorpion
57:49 Chemistry
57:20 Architecture
56:56 Siege Engineers
Philip♿
11:17 Feudal Age
12:16 Horse Collar
12:26 Double-Bit Axe
17:26 Loom
22:55 Castle Age
27:22 Bow Saw
27:14 Heavy Plow
28:24 Wheelbarrow
29:28 Hand Cart
34:13 Imperial Age
35:17 Elite Teutonic Knight
36:38 Crop Rotation
36:27 Town Watch
36:57 Scale Barding Armor
36:52 Scale Mail Armor
37:03 Forging
39:11 Chain Mail Armor
41:35 Ironclad
43:04 Chain Barding Armor
43:14 Plate Mail Armor
43:20 Iron Casting
42:57 Heavy Scorpion
44:47 Two-Man Saw
44:04 Gold Mining
45:11 Plate Barding Armor
50:48 Blast Furnace
Topel
10:47 Feudal Age
11:44 Loom
13:18 Double-Bit Axe
13:55 Loom
15:47 Bow Saw
18:22 Castle Age
16:26 Horse Collar
16:42 Stone Mining
19:28 Stone Shaft Mining
22:07 Gold Mining
26:10 Two-Man Saw
25:17 Heavy Plow
26:46 Scale Barding Armor
31:12 Burgundian Vineyards
33:46 Imperial Age
32:09 Ballistics
31:48 Fletching
31:58 Padded Archer Armor
34:19 Leather Archer Armor
33:59 Bodkin Arrow
35:05 Conscription
35:50 Chemistry
36:44 Gold Shaft Mining
43:02 Chain Barding Armor
42:52 Forging
44:45 Bracer
45:57 Plate Barding Armor
45:57 Iron Casting
46:01 Elite Coustillier
49:29 Blast Furnace
65:37 Light Cavalry
67:11 Crop Rotation
66:49 Husbandry
67:50 Hussar
charmoleck
6:18 Loom
13:27 Feudal Age
15:42 Horse Collar
15:50 Double-Bit Axe
22:47 Castle Age
23:32 Castle Age
24:36 Heavy Plow
24:47 Bow Saw
24:54 Pikeman
27:15 Chemistry
27:04 Scale Mail Armor
28:08 Ballistics
28:42 Wheelbarrow
29:30 Chain Mail Armor
30:02 Caravan
34:39 Forging
36:08 Hand Cart
43:14 Murder Holes
43:30 Fortified Wall
43:55 Fletching
47:42 Imperial Age
44:59 Town Watch
47:50 Elite Hussite Wagon
48:56 Conscription
50:19 Town Patrol
51:33 Two-Man Saw
51:37 Halberdier
59:22 Plate Mail Armor
61:07 Bodkin Arrow
61:48 Iron Casting
61:15 Padded Archer Armor
66:02 Houfnice
71:12 Bracer
72:13 Blast Furnace
71:29 Leather Archer Armor
Monorabioso438
10:47 Loom
12:33 Feudal Age
13:21 Double-Bit Axe
16:16 Wheelbarrow
15:25 Horse Collar
18:24 Champi Runner
19:02 Fletching
19:12 Padded Archer Armor
25:33 Castle Age
26:47 Bodkin Arrow
27:07 Leather Archer Armor
30:54 Imperial Age
28:42 Hand Cart
28:45 Caravan
29:59 Heavy Plow
33:11 Bow Saw
34:15 Conscription
34:45 Bracer
37:34 Ballistics
38:18 Chemistry
37:09 Elite Blackwood Archer
38:53 Curare
39:22 Ring Archer Armor
38:49 Treadmill Crane
41:35 Town Watch
42:27 Town Patrol
44:20 Two-Man Saw
43:12 Gold Mining
43:12 Stone Mining
blacksword173
8:53 Loom
10:38 Feudal Age
11:52 Double-Bit Axe
22:28 Wheelbarrow
25:54 Castle Age
24:23 Stone Mining
25:31 Forging
26:22 Gold Mining
27:03 Hand Cart
27:02 Bow Saw
34:14 Gold Shaft Mining
36:04 Caravan
39:30 Imperial Age
39:02 Scale Mail Armor
40:11 Husbandry
41:05 Elite Throwing Axeman
41:54 Squires
43:18 Iron Casting
42:59 Town Watch
43:53 Conscription
46:01 Chain Mail Armor
46:47 Blast Furnace
46:32 Hoardings
46:13 Masonry
47:05 Chemistry
46:16 Cavalier
48:07 Plate Mail Armor
47:30 Fletching
47:48 Scale Barding Armor
48:09 Bodkin Arrow
49:51 Town Patrol
50:14 Chain Barding Armor
49:17 Paladin
50:22 Chivalry
51:22 Architecture
51:39 Siege Engineers
51:44 Arson
51:47 Gambesons
57:51 Light Cavalry
Connection lost

Rejoining the realm…

Still unreachable

The connection could not be restored.

Session expired

The server has moved on; the page needs a fresh start.